 Dungeon Crawl Stone Soup version 0.32-a0-361-g289a535e89 (webtiles) character file.

Game seed: 9497086699562519332

3 ytrimaz the Slasher (level 1, 0/16 HPs)
             Began as a Coglin Gladiator on Feb 19, 2024.
             Slain by a hobgoblin (1 damage)
             ... on level 1 of the Dungeon.
             The game lasted 00:00:06 (38 turns).

ytrimaz the Slasher (Coglin Gladiator)                Turns: 38, Time: 00:00:07

Health: 0/16       AC:  4    Str: 14    XL:     1   Next: 50%
Magic:  1/1        EV:  9    Int:  7    God:
Gold:   0          SH:  0    Dex: 15    Spells: 0/0 levels left

rFire   . . .        a - +0 long sword {Ari}
rCold   . . .        (no shield)
rNeg    . . .        b - +0 leather armour
rPois   .            c - +0 helmet
rElec   .            (no cloak)
rCorr   .            (no gloves)
SInv    .            (no boots)
Will    .....        (no amulet)
Stlth   +            (no ring)
HPRegen 0.22/turn    (no ring)
MPRegen 0.07/turn

%: no passive effects
@: constricted, revved, stiff-legged, very slow
A: off-hand wielding, slow wielding, warmup strikes, warmup strides
a: no special abilities


You were on level 1 of the Dungeon.
You visited 1 branch of the dungeon, and saw 1 of its levels.


Innate Abilities, Weirdness & Mutations

You can wield a second weapon in your off-hand.
It takes a long time for you to wield or remove held weapons.
Your first few attacks do less damage.
Your first movements take longer.


   Skills:
 + Level 2.1 Fighting
 + Level 3.0 Long Blades
 - Level 1.7 Throwing
 + Level 2.7 Dodging


You couldn't memorise any spells.
You didn't know any spells.
Your spell library was empty.

Inventory:

Hand Weapons
 a - a +0 long sword (weapon) {Ari}
Missiles
 d - 3 throwing nets (quivered)
 e - a javelin
Armour
 b - a +0 leather armour (worn)
 c - a +0 helmet (worn)

Dungeon Overview and Level Annotations

Branches:
Dungeon (1/15) Zot: 5954

Altars:

#....... .. #...... #.
#...... .. ..?... .####
#...####.....
#...#.....# #..J#S...#
##..gg@..##########
#....#...+....♣P#P##
##.(..#...#~~~..♣P#.♣
.......#.####~ß....<♣#
>..........##~~~..♣P#.♣
...##...##..'....♣P#P##
##....#.##############
####...# ##


You could see an endoplasm, a hobgoblin, a goblin and a ball python.


Message History

😕 HP[-2]
You take 2 damage, and now have 13/16 hp.
You closely miss the ball python.
The rat squeaks loudly.
You hear a bark!
The ball python misses you. The ball python constricts you.
The ball python barely misses you. 😮 HP[-1]
You take 1 damage, and now have 12/16 hp.
Unknown command.
You are too injured to fight recklessly!
You escape the ball python's grasp.
The ball python bites you but does no damage.
The ball python closely misses you.
A goblin comes into view. It is wielding a +0 dagger.
A hobgoblin comes into view.
The ball python bites you but does no damage.
The ball python closely misses you. The ball python misses you.
The ball python closely misses you.
The ball python bites you but does no damage.
The ball python grabs you. The ball python constricts you.
You completely miss the ball python.
The hobgoblin shouts!
You hear a bark! x2
The ball python closely misses you.
An endoplasm comes into view.
The ball python closely misses you.
The ball python constricts you. 😕 HP[+1] Unknown command.
You escape the ball python's grasp.
The ball python attacks as it pursues you!
The ball python barely misses you. The ball python closely misses you.
The ball python bites you but does no damage.
The ball python grabs you. The ball python constricts you.
The ball python closely misses you. The ball python constricts you.
You completely miss the ball python. The ball python loses its grip on you.
You slash the rat!
You kill the rat!
The ball python barely misses you. x2
A jackal comes into view.
The ball python bites you. The ball python grabs you.
The ball python constricts you. 😮 HP[-2]
You take 2 damage, and now have 11/16 hp.
The jackal barks!
You hit the ball python.
You hear a shout! x2
The ball python misses you.
The ball python bites you but does no damage.
The ball python constricts you. The ball python bites you. 😮 HP[-1]
You take 1 damage, and now have 10/16 hp.
Unknown command.
You closely miss the ball python. The ball python bites you.
The ball python constricts you.
* * * LOW HITPOINT WARNING * * *
The ball python bites you.
* * * LOW HITPOINT WARNING * * *
The ball python bites you but does no damage.
The ball python constricts you.
* * * LOW HITPOINT WARNING * * *
😨 HP[-4]
You take 4 damage, and now have 6/16 hp.
MASSIVE DAMAGE!! (PAUSE)
You closely miss the ball python.
The ball python bites you but does no damage. x2
The ball python constricts you. The ball python barely misses you.
Unknown command.
You closely miss the ball python. The ball python closely misses you.
The ball python constricts you.
* * * LOW HITPOINT WARNING * * *
The ball python closely misses you. x2; The ball python constricts you.
* * * LOW HITPOINT WARNING * * *
The ball python barely misses you. 😨 HP[-1]
You take 1 damage, and now have 5/16 hp.
You slash the ball python!
You kill the ball python!
The ball python barely misses you. The ball python constricts you.
* * * LOW HITPOINT WARNING * * *
Unknown command. 😱 HP[-1]
You take 1 damage, and now have 4/16 hp.
You barely miss the hobgoblin.
The ball python bites you but does no damage.
The ball python constricts you. The hobgoblin hits you.
* * * LOW HITPOINT WARNING * * *
The ball python bites you.
* * * LOW HITPOINT WARNING * * *
The ball python constricts you.
* * * LOW HITPOINT WARNING * * *
😱 HP[-3]
You take 3 damage, and now have 1/16 hp.
Unknown command.
You closely miss the hobgoblin. The hobgoblin closely misses you.
The ball python bites you.
* * * LOW HITPOINT WARNING * * *
The ball python constricts you. The hobgoblin hits you.
You die...

Action                     || total
---------------------------++-------
  Melee: Long sword        ||    15
 Armour: Leather armour    ||    24
  Dodge: Dodged            ||    25

Levels and vault maps discovered:
D:1:      tarquinn_simple_flora_water_d, layout_rooms

Notes
Turn   | Place    | Note
-------+----------+-------------------------------------------
     0 | D:1      | ytrimaz the Coglin Gladiator began the quest for the Orb.
     0 | D:1      | Reached XP level 1. HP: 16/16 MP: 1/1
     0 | D:1      | magus.rc [v1.9.6]
    36 | D:1      | HP: 4/16 [constriction (1)]
    37 | D:1      | HP: 1/16 [constriction (1)]
    38 | D:1      | Slain by a hobgoblin

Vanquished Creatures
  A ball python (D:1)
  A rat (D:1)
2 creatures vanquished.

Table legend:
 A = Non-vault XP
 B = Vault XP
 C = Vault XP percentage of total XP
 D = Non-vault monster count
 E = Vault monster count
 F = Vault count percentage of total count
                 A         B        C        D         E       F
            +---------+---------+-------+---------+---------+-------
      Total |       5 |       0 |   0.0 |       2 |       0 |   0.0
            +---------+---------+-------+---------+---------+-------
        D:1 |       5 |       0 |   0.0 |       2 |       0 |   0.0
            +---------+---------+-------+---------+---------+-------

Action                     || total
---------------------------++-------
  Melee: Long sword        ||    15
 Armour: Leather armour    ||    24
  Dodge: Dodged            ||    25

Illustrated notes

Table legend:
 A = Kills in this place as a percentage of kills in the entire game.
 B = Kills by you in this place as a percentage of kills by you in the entire game.
 C = Kills by friends in this place as a percentage of kills by friends in the entire game.
 D = Other kills in this place as a percentage of other kills in the entire game.
 E = Experience gained in this place as a percentage of experience gained in the entire game.
 F = Experience gained in this place divided by the number of levels of this place that you have seen.
                   A       B       C       D       E      F
               +-------+-------+-------+-------+-------+----------------------
         Total | 100.0 | 100.0 |   N/A |   N/A | 100.0 |   5.0
       Dungeon | 100.0 | 100.0 |   N/A |   N/A | 100.0 |   5.0
               +-------+-------+-------+-------+-------+----------------------

Table legend: (Time is in decaauts)
 A = Elapsed time spent in this place.
 B = Non-inter-level travel time spent in this place.
 C = Inter-level travel time spent in this place.
 D = Time resting spent in this place.
 E = Time spent auto-exploring this place.
 F = Levels seen in this place.
 G = Mean time per level.
                   A        B        C        D        E       F      G
               +--------+--------+--------+--------+--------+-----+--------+
         Total |     44 |     44 |      0 |      0 |     20 |   1 |   44.0 |
       Dungeon |     44 |     44 |      0 |      0 |     20 |   1 |   44.0 |
               +--------+--------+--------+--------+--------+-----+--------+

Top non-repeatable levels by time:
     D:1: 44 daAuts
